TOP OF THE 1ST |
Sumter Gamecocks batting - Pitching for Gastonia Rockets : RHP Rod Boxberger
|
Pitching: RHP Rod Boxberger
|
|
Batting: SHB John Cangelosi
|
0-0: Called Strike 0-1: Foul Ball, location: 2F 0-2: Fly out, F8 (Line Drive, 8LM, EV 98.1 MPH)
|
Batting: LHB Antonio Tapia
|
0-0: Ball 1-0: Ball 2-0: Ball 3-0: Called Strike 3-1: Called Strike 3-2: Base on Balls
|
Batting: RHB Randy Washington
|
0-0: Ball 1-0: Foul Ball, location: 2F 1-1: Swinging Strike 1-2: Ball Wild Pitch! Antonio Tapia to second 2-2: Strikes out looking
|
Batting: LHB Mark Gerard
|
0-0: Ground out 5-3 (Groundball, 56, EV 105.0 MPH)
|
Top of the 1st over - 0 runs, 0 hits, 0 errors, 1 left on base; Sumter 0 - Gastonia 0 |
BOTTOM OF THE 1ST |
Gastonia Rockets batting - Pitching for Sumter Gamecocks : LHP Daniel Ortega
|
Pitching: LHP Daniel Ortega
|
|
Batting: RHB Glenn Jones
|
0-0: Ball 1-0: Reached on error, E4 (Groundball, 4, EV 103.1 MPH)
|
Batting: RHB Jackie Wright
|
0-0: Called Strike 0-1: Ball 1-1: Ball 2-1: SINGLE (Line Drive, 7S, EV 91.9 MPH) Glenn Jones to second
|
Batting: RHB James Crawford
|
0-0: Fly out, F3 (Flyball, 3D, EV 84.4 MPH)
|
Batting: RHB Mark Davidson
|
0-0: Ball 1-0: Foul Ball, location: 2F 1-1: Ball 2-1: Reached on error, E3 (Groundball, 34, EV 89.4 MPH) Glenn Jones to third Jackie Wright to second
|
Batting: LHB Reginald Thomas
|
0-0: Called Strike 0-1: Ball 1-1: Fly out, F7 (Flyball, 78D, EV 88.8 MPH) Runner from 3rd tags up, OUT at HOME! 7-2
|
Bottom of the 1st over - 0 runs, 1 hit, 2 errors, 2 left on base; Sumter 0 - Gastonia 0 |
TOP OF THE 2ND |
Sumter Gamecocks batting - Pitching for Gastonia Rockets : RHP Rod Boxberger
|
Batting: LHB Rick Siriano
|
0-0: Ball 1-0: Ball 2-0: Ball 3-0: Swinging Strike 3-1: Base on Balls
|
Batting: RHB Vaughn Calloway
|
0-0: Ball 1-0: Ball Pickoff Throw to First - Out! 1-3 2-0: Ball 3-0: Called Strike 3-1: Called Strike 3-2: Foul Ball, location: 2F 3-2: Base on Balls
|
Batting: RHB Jerry Hidalgo
|
0-0: Called Strike 0-1: Ball 1-1: Single, Error in OF, E7, batter to second base (Line Drive, 7LM, EV 105.6 MPH) Vaughn Calloway to third
|
Batting: RHB Claude Johnson
|
0-0: Ball 1-0: Ball 2-0: Foul Ball, location: 2F 2-1: Ground out 6-3 (Groundball, 56, EV 105.0 MPH) Vaughn Calloway scores
|
Batting: RHB Juan Hernandez
|
0-0: Ball 1-0: Called Strike 1-1: Fly out, F8 (Flyball, 8RD, EV 78.8 MPH)
|
Top of the 2nd over - 1 run, 1 hit, 1 error, 1 left on base; Sumter 1 - Gastonia 0 |
BOTTOM OF THE 2ND |
Gastonia Rockets batting - Pitching for Sumter Gamecocks : LHP Daniel Ortega
|
Batting: RHB Pat Dumouchelle
|
0-0: Ball 1-0: Foul Ball, location: 2F 1-1: Ball 2-1: Ground out 1-3 (Groundball, 25, EV 70.0 MPH)
|
Batting: LHB Dale Holman
|
0-0: Ball 1-0: Called Strike 1-1: Swinging Strike 1-2: Strikes out swinging
|
Batting: RHB Greg Tarnow
|
0-0: Swinging Strike 0-1: Swinging Strike 0-2: Strikes out looking
|
Bottom of the 2nd over - 0 runs, 0 hits, 0 errors, 0 left on base; Sumter 1 - Gastonia 0 |
TOP OF THE 3RD |
Sumter Gamecocks batting - Pitching for Gastonia Rockets : RHP Rod Boxberger
|
Batting: SHB John Cangelosi
|
0-0: Called Strike 0-1: Ball 1-1: Ball 2-1: Foul Ball, location: 2F 2-2: Foul Ball, location: 2F 2-2: Ball 3-2: Fly out, F8 (Line Drive, 8RD, EV 92.5 MPH)
|
Batting: LHB Antonio Tapia
|
0-0: Called Strike 0-1: Fly out, F7 (Flyball, 7S, EV 88.1 MPH)
|
Batting: RHB Randy Washington
|
0-0: Fly out, F8 (Flyball, 8LM, EV 88.1 MPH)
|
Top of the 3rd over - 0 runs, 0 hits, 0 errors, 0 left on base; Sumter 1 - Gastonia 0 |
BOTTOM OF THE 3RD |
Gastonia Rockets batting - Pitching for Sumter Gamecocks : LHP Daniel Ortega
|
Batting: LHB Jon Lindsey
|
0-0: Called Strike 0-1: Called Strike 0-2: Foul Ball, location: 2F 0-2: Ball 1-2: Ball 2-2: Strikes out looking
|
Batting: RHB Glenn Jones
|
0-0: Ground out 5-3 (Groundball, 5, EV 84.4 MPH)
|
Batting: RHB Jackie Wright
|
0-0: Ball 1-0: Fly out, F7 (Line Drive, 7, EV 86.9 MPH)
|
Bottom of the 3rd over - 0 runs, 0 hits, 0 errors, 0 left on base; Sumter 1 - Gastonia 0 |
TOP OF THE 4TH |
Sumter Gamecocks batting - Pitching for Gastonia Rockets : RHP Rod Boxberger
|
Batting: LHB Mark Gerard
|
0-0: Foul Ball, location: 2F 0-1: Ball 1-1: Called Strike 1-2: SINGLE (Groundball, 34D, EV 100.0 MPH)
|
Batting: LHB Rick Siriano
|
0-0: Ball 1-0: Foul Ball, location: 2F 1-1: Called Strike 1-2: Ball 2-2: Fielders Choice at 2nd, 4-6 (Groundball, 34, EV 86.3 MPH)
|
Batting: RHB Vaughn Calloway
|
0-0: Ball 1-0: Foul Ball, location: 2F 1-1: Ball 2-1: Called Strike 2-2: Strikes out swinging
|
Batting: RHB Jerry Hidalgo
|
0-0: Ball Rick Siriano steals 2nd, throwing error, E2 Rick Siriano to third 1-0: Ball 2-0: Called Strike 2-1: Foul Ball, location: 2F 2-2: Strikes out swinging
|
Top of the 4th over - 0 runs, 1 hit, 1 error, 1 left on base; Sumter 1 - Gastonia 0 |
BOTTOM OF THE 4TH |
Gastonia Rockets batting - Pitching for Sumter Gamecocks : LHP Daniel Ortega
|
Batting: RHB James Crawford
|
0-0: Foul Ball, location: 2F 0-1: Ball 1-1: Called Strike 1-2: Strikes out swinging
|
Batting: RHB Mark Davidson
|
0-0: Ball 1-0: Swinging Strike 1-1: Ball 2-1: Swinging Strike 2-2: Strikes out swinging
|
Batting: LHB Reginald Thomas
|
0-0: Ball 1-0: Ball 2-0: SINGLE (Groundball, 34D, EV 94.4 MPH)
|
Batting: RHB Pat Dumouchelle
|
0-0: Called Strike 0-1: Foul Ball, location: 2F 0-2: Ball 1-2: SINGLE (Flyball, 4D, EV 89.4 MPH) Reginald Thomas to second Runner from 2nd tries for 3rd, SAFE, no throw by CF
|
Batting: LHB Dale Holman
|
0-0: Called Strike 0-1: Foul Ball, location: 2F 0-2: Foul Ball, location: 2F 0-2: Ball 1-2: DOUBLE (Line Drive, 78D, EV 105.0 MPH) Reginald Thomas scores Pat Dumouchelle to third Runner from 3rd tries for Home, SAFE, no throw by CF
|
Batting: RHB Greg Tarnow
|
0-0: Swinging Strike 0-1: Fly out, F7 (Line Drive, 7, EV 90.0 MPH)
|
Bottom of the 4th over - 2 runs, 3 hits, 0 errors, 1 left on base; Sumter 1 - Gastonia 2 |
TOP OF THE 5TH |
Sumter Gamecocks batting - Pitching for Gastonia Rockets : RHP Rod Boxberger
|
Batting: RHB Claude Johnson
|
0-0: Foul Ball, location: 2F 0-1: Ground out 6-3 (Groundball, 6, EV 85.6 MPH)
|
Batting: RHB Juan Hernandez
|
0-0: Called Strike 0-1: Foul Ball, location: 2F 0-2: Foul Ball, location: 2F 0-2: Foul Ball, location: 2F 0-2: Foul Ball, location: 2F 0-2: Strikes out swinging
|
Batting: SHB John Cangelosi
|
0-0: Ground out U3 (Groundball, 34, EV 79.4 MPH)
|
Top of the 5th over - 0 runs, 0 hits, 0 errors, 0 left on base; Sumter 1 - Gastonia 2 |
BOTTOM OF THE 5TH |
Gastonia Rockets batting - Pitching for Sumter Gamecocks : LHP Daniel Ortega
|
Batting: LHB Jon Lindsey
|
0-0: Called Strike 0-1: Ball 1-1: Ball 2-1: Called Strike 2-2: Foul Ball, location: 2F 2-2: Foul Ball, location: 2F 2-2: Ground out 4-3 (Groundball, 4, EV 88.1 MPH)
|
Batting: RHB Glenn Jones
|
0-0: Fly out, F9 (Flyball, 9D, EV 88.8 MPH)
|
Batting: RHB Jackie Wright
|
0-0: Called Strike 0-1: Ball 1-1: SINGLE (Flyball, 89S, EV 90.0 MPH)
|
Batting: RHB James Crawford
|
0-0: Ball 1-0: Ball 2-0: DOUBLE (Line Drive, 89M, EV 98.8 MPH) Jackie Wright to third Runner from 3rd tries for Home, SAFE, no throw by RF
|
Batting: RHB Mark Davidson
|
0-0: Ball 1-0: Called Strike 1-1: Ground out 5-3 (Groundball, 56, EV 80.6 MPH)
|
Bottom of the 5th over - 1 run, 2 hits, 0 errors, 1 left on base; Sumter 1 - Gastonia 3 |
TOP OF THE 6TH |
Sumter Gamecocks batting - Pitching for Gastonia Rockets : RHP Rod Boxberger
|
Batting: LHB Antonio Tapia
|
0-0: Ball 1-0: Ball 2-0: TRIPLE (Flyball, 8LXD, EV 95.6 MPH)
|
Batting: RHB Randy Washington
|
0-0: Called Strike 0-1: Foul Ball, location: 2F 0-2: Ball 1-2: Foul Ball, location: 2F 1-2: Ball 2-2: DOUBLE (Line Drive, 9LS, EV 96.3 MPH) Antonio Tapia scores
|
Batting: LHB Mark Gerard
|
0-0: Ball 1-0: Ball 2-0: Called Strike 2-1: Ball 3-1: Swinging Strike 3-2: Foul Ball, location: 2F 3-2: SINGLE (Flyball, 8RS, EV 88.8 MPH) Randy Washington to third
|
Batting: LHB Rick Siriano
|
0-0: Foul Ball, location: 2F 0-1: Swinging Strike 0-2: Ball Wild Pitch! Randy Washington scores Mark Gerard to second 1-2: Ball 2-2: Foul Ball, location: 2F 2-2: Foul Ball, location: 2F 2-2: Strikes out swinging
|
Batting: RHB Vaughn Calloway
|
0-0: Called Strike 0-1: Ball 1-1: Foul Ball, location: 2F 1-2: Ball 2-2: Strikes out looking
|
Batting: RHB Jerry Hidalgo
|
0-0: Called Strike 0-1: Ball 1-1: Called Strike 1-2: Foul Ball, location: 2F 1-2: Fly out, F6 (Flyball, 56D, EV 90.0 MPH)
|
Top of the 6th over - 2 runs, 3 hits, 0 errors, 1 left on base; Sumter 3 - Gastonia 3 |
BOTTOM OF THE 6TH |
Gastonia Rockets batting - Pitching for Sumter Gamecocks : LHP Daniel Ortega
|
Batting: LHB Reginald Thomas
|
0-0: Ground out 6-3 (Groundball, 4M, EV 92.5 MPH)
|
Batting: RHB Pat Dumouchelle
|
0-0: Ball 1-0: Ball 2-0: Called Strike 2-1: Ball 3-1: Base on Balls
|
Batting: LHB Dale Holman
|
0-0: Called Strike 0-1: Hit by Pitch Pat Dumouchelle to second
|
Batting: RHB Greg Tarnow
|
0-0: Swinging Strike 0-1: Foul Ball, location: 2F 0-2: Ball 1-2: Ball 2-2: Strikes out swinging
|
Batting: LHB Jon Lindsey
|
0-0: Called Strike 0-1: Ball 1-1: Ball 2-1: SINGLE (Groundball, 3D, EV 97.5 MPH) Pat Dumouchelle to third Dale Holman to second Runner from 3rd tries for Home, SAFE, throw by RF to home
|
Batting: RHB Glenn Jones
|
0-0: Ball 1-0: Fly out, F8 (Flyball, 78XD, EV 106.3 MPH)
|
Bottom of the 6th over - 1 run, 1 hit, 0 errors, 2 left on base; Sumter 3 - Gastonia 4 |
TOP OF THE 7TH |
Sumter Gamecocks batting - Pitching for Gastonia Rockets : RHP Rod Boxberger
|
Batting: RHB Claude Johnson
|
0-0: Called Strike 0-1: Ball 1-1: Ball 2-1: Reached on error, E3 (Flyball, 3D, EV 86.9 MPH)
|
Pinch Hitting: RHB Ron Shepherd
|
0-0: Called Strike 0-1: Called Strike 0-2: Ball 1-2: Foul Ball, location: 2F 1-2: Foul Ball, location: 2F 1-2: Ball 2-2: Foul Ball, location: 2F 2-2: Strikes out swinging
|
Batting: SHB John Cangelosi
|
0-0: Called Strike 0-1: Swinging Strike 0-2: Ball 1-2: Fielders Choice at 2nd, 4-6 (Groundball, 4, EV 111.3 MPH)
|
Batting: LHB Antonio Tapia
|
0-0: Ball John Cangelosi steals 2nd base 1-0: Called Strike 1-1: Ball 2-1: Fly out, F5 (Popup, 56, EV 76.9 MPH)
|
Top of the 7th over - 0 runs, 0 hits, 1 error, 1 left on base; Sumter 3 - Gastonia 4 |
BOTTOM OF THE 7TH |
Gastonia Rockets batting - Pitching for Sumter Gamecocks : LHP Daniel Ortega
|
Now at SS: Timothy Thiessen
|
|
Batting: RHB Jackie Wright
|
0-0: Ball 1-0: Swinging Strike 1-1: Fly out, F5 (Line Drive, 5, EV 64.4 MPH)
|
Batting: RHB James Crawford
|
0-0: Fly out, F3 (Popup, 3SF, EV 86.3 MPH)
|
Batting: RHB Mark Davidson
|
0-0: Ground out 2-3 (Groundball, 13S, EV 69.4 MPH)
|
Bottom of the 7th over - 0 runs, 0 hits, 0 errors, 0 left on base; Sumter 3 - Gastonia 4 |
TOP OF THE 8TH |
Sumter Gamecocks batting - Pitching for Gastonia Rockets : RHP Rod Boxberger
|
Batting: RHB Randy Washington
|
0-0: Fly out, F7 (Flyball, 7LS, EV 79.4 MPH)
|
Batting: LHB Mark Gerard
|
0-0: Fly out, F5 (Popup, 5, EV 81.9 MPH)
|
Batting: LHB Rick Siriano
|
0-0: Fly out, F8 (Flyball, 8RD, EV 97.5 MPH)
|
Top of the 8th over - 0 runs, 0 hits, 0 errors, 0 left on base; Sumter 3 - Gastonia 4 |
BOTTOM OF THE 8TH |
Gastonia Rockets batting - Pitching for Sumter Gamecocks : LHP Daniel Ortega
|
Batting: LHB Reginald Thomas
|
0-0: Called Strike 0-1: Foul Ball, location: 2F 0-2: Ball 1-2: Fly out, F9 (Flyball, 9S, EV 91.3 MPH)
|
Batting: RHB Pat Dumouchelle
|
0-0: Ball 1-0: Swinging Strike 1-1: Swinging Strike 1-2: Ground out 4-3 (Groundball, 4, EV 101.3 MPH)
|
Batting: LHB Dale Holman
|
0-0: Foul Ball, location: 2F 0-1: SINGLE (Line Drive, 7S, EV 90.6 MPH)
|
Batting: RHB Greg Tarnow
|
0-0: Ball 1-0: Foul Ball, location: 2F 1-1: Ball 2-1: Ball 3-1: Swinging Strike 3-2: Fly out, F9 (Flyball, 89M, EV 91.3 MPH)
|
Bottom of the 8th over - 0 runs, 1 hit, 0 errors, 1 left on base; Sumter 3 - Gastonia 4 |
TOP OF THE 9TH |
Sumter Gamecocks batting - Pitching for Gastonia Rockets : RHP Rod Boxberger
|
Pitching: RHP Harvey Akers
|
|
Batting: RHB Vaughn Calloway
|
0-0: Ball 1-0: Called Strike 1-1: Ball 2-1: Ball 3-1: Fly out, F7 (Flyball, 7LM, EV 99.4 MPH)
|
Batting: RHB Jerry Hidalgo
|
0-0: Ball 1-0: Foul Ball, location: 2F 1-1: Ball 2-1: Fly out, F8 (Flyball, 8RM, EV 81.3 MPH)
|
Pinch Hitting: RHB Kelly Gruber
|
0-0: Ball 1-0: Ground out 4-3 (Groundball, 4, EV 100.0 MPH)
|
Top of the 9th over - 0 runs, 0 hits, 0 errors, 0 left on base; Sumter 3 - Gastonia 4 |
|